 Dungeon Crawl Stone Soup version 0.28.0-45-g0d030f2227 (webtiles) character file.

Game seed: 12513173083302161939

6 nickcage the Sneak (level 1, -1/9 HPs)
             Began as a Spriggan Enchanter on Apr 13, 2022.
             Frozen to death by an endoplasm (5 damage)
             ... on level 1 of the Dungeon.
             The game lasted 00:01:34 (820 turns).

nickcage the Sneak (Spriggan Enchanter)              Turns: 820, Time: 00:01:34

Health: -1/9       AC:  2    Str:  4    XL:     1   Next: 75%
Magic:  5/5        EV: 17    Int: 16    God:
Gold:   36         SH:  0    Dex: 15    Spells: 5/5 levels left

rFire   . . .      SeeInvis +   a - +1 dagger
rCold   . . .      Faith    .   (no shield)
rNeg    . . .      Spirit   .   b - +0 robe
rPois   .          Reflect  .   (helmet restricted)
rElec   .          Harm     .   (no cloak)
rCorr   .          Rampage  .   (gloves unavailable)
Will    .....                   (boots unavailable)
Stlth   +++.......              (no amulet)
HPRegen 0.03/turn               (no ring)
MPRegen 0.09/turn               (no ring)

@: very quick
A: very small, no large weapons, unfitting armour, see invisible, speed 3
a: no special abilities


You were on level 1 of the Dungeon.
You visited 1 branch of the dungeon, and saw 1 of its levels.

You collected 36 gold pieces.

Inventory:

Hand Weapons
 a - a +1 dagger (weapon)
Missiles
 g - 4 boomerangs (quivered)
Armour
 b - a +0 robe (worn)
Scrolls
 f - a scroll of noise {unknown}
 h - a scroll of identify {unknown}
Potions
 c - a potion of invisibility
 d - a potion of haste {unknown}
 e - a potion of flight {unknown}


   Skills:
 - Level 1.1 Short Blades
 + Level 0.2 Throwing
 - Level 2.6 Dodging
 - Level 4.4 Stealth
 - Level 2.6 Spellcasting
 + Level 4.1 Hexes


You had 5 spell levels left.
You didn't know any spells.
Your spell library contained the following spells:

 Spells                   Type           Power      Damage    Failure   Level
 Confusing Touch          Hex            15%        N/A       11%         3
 Tukima's Dance           Hex            15%        N/A       11%         3
 Ensorcelled Hibernation  Hex/Ice        16%        N/A       13%         2
 Sandblast                Erth           4%         2d4       19%         1
 Dazzling Flash           Conj/Hex       16%        N/A       26%         3
 Passwall                 Tmut/Erth      1%         N/A       28%         2
 Stone Arrow              Conj/Erth      4%         3d7       50%         3


Dungeon Overview and Level Annotations

Branches:
Dungeon (1/15)

Altars:

Shops:
D:1 [


Innate Abilities, Weirdness & Mutations

You are very small and have problems with some larger weapons.
You are too small for most types of armour.
You have supernaturally acute eyesight. (SInv)
You cover ground extremely quickly. (Speed+++)


Message History

The helpless rat fails to defend itself.
You puncture the rat!
You kill the rat!
A ball python comes into view.
Found a stone staircase leading down.
The ball python hisses angrily.
You throw a boomerang. The boomerang hits the ball python.
The ball python is severely wounded.
The ball python completely misses you. The ball python barely misses you.
The ball python misses you. x2
You closely miss the ball python.
The ball python is severely wounded.
An endoplasm comes into view.
The ball python bites you but does no damage.
The ball python grabs you. The ball python constricts you.
You closely miss the ball python.
The ball python is severely wounded.
The ball python closely misses you. The ball python constricts you.
You barely miss the ball python.
The ball python is severely wounded.
The ball python misses you. The ball python constricts you.
The endoplasm closely misses you.
The ball python's grasp on you weakens, but your attempt to escape fails.
The ball python misses you. The ball python constricts you.
The endoplasm misses you. The ball python misses you.
The ball python constricts you.
You escape the ball python's grasp.
You are too injured to fight recklessly!
You are too injured to fight recklessly!
You are too injured to fight recklessly!
You are too injured to fight recklessly!
You hit the endoplasm.
The endoplasm is moderately wounded.
The endoplasm misses you.
You hit the endoplasm but do no damage.
The endoplasm is moderately wounded.
The endoplasm freezes you.
You are frozen.
Ouch! That really hurt!
You die...

#.# #.###### #.......
#.###### ####
###########.######
...##.................
...#.#########.######
..#.# #.# #.#@# # #.#
#### #.#J#.### #.# #.#.
#..S....# #.# #.#.
#.......# .#.###...
>........................
.....#.......###.#.###.#.
...#.#.......# #.#. +# #
#.......# #.#. #.......#
#.#.


You could see an endoplasm and a ball python.

Vanquished Creatures
  A bat (D:1)
  An endoplasm (D:1)
  A quokka (D:1)
  A frilled lizard (D:1)
  2 rats (D:1)
6 creatures vanquished.

Notes
Turn   | Place    | Note
-------+----------+-------------------------------------------
     0 | D:1      | nickcage the Spriggan Enchanter began the quest for the
                  | Orb.
     0 | D:1      | Reached XP level 1. HP: 9/9 MP: 5/5
   280 | D:1      | Found Zytt's Antique Armour Shop.
   281 | D:1      | Found a faded altar of an unknown god.
   820 | D:1      | Frozen to death by an endoplasm

Illustrated notes

Levels and vault maps discovered:
D:1:      eino_arrival_tree_alley, layout_basic, ebering_ecumenical_altar_mist,
          serial_shops, shop

Skill      XL: |  1 |
---------------+----+-----
Hexes          | 4 |  4.1
Short Blades   | |  1.1
Throwing       | |  0.2
Dodging        | |  2.6
Stealth        | |  4.4
Spellcasting   | |  2.6

Action                   || total
-------------------------++-------
Melee: Dagger            ||    23
Throw: Boomerang         ||    12
 Stab: Sleeping          ||     2
Armor: Robe              ||     8
Dodge: Dodged            ||    28
